 Dungeon Crawl Stone Soup version 0.24.0-124-g2791043dd8 (webtiles) character file.

Game seed: 16685519002598192132, levelgen mode: deterministic

110216 Curus the Warrior (level 16, 0/168 HPs)
             Began as a Gargoyle Gladiator on Feb 15, 2020.
             Was the Champion of Trog.
             Slain by a slime creature (9 damage)
             ... on level 15 of the Dungeon.
             The game lasted 01:46:42 (24701 turns).

Curus the Warrior (Gargoyle Gladiator)             Turns: 24701, Time: 01:46:44

Health: 0/168      AC: 46    Str: 25    XL:     16   Next: 54%
Magic:  0/23       EV: 11    Int:  9    God:    Trog [******]
Gold:   181        SH:  2    Dex: 19    Spells: 15/15 levels left

rFire    + . .     SeeInvis +   X - +0 lajatang (elec)
rCold    . . .     Gourm    .   (shield currently unavailable)
rNeg     + + .     Faith    .   O - +4 plate armour {rF+}
rPois    ∞         Spirit   +   Y - +2 hat of the Bear Spirit {Spirit, +Rage rN+ MR++}
rElec    +         Reflect  +   J - +1 cloak
rCorr    .         Harm     .   M - +2 pair of gloves of Beppohy {Dex+3}
MR       +++..                  j - +2 pair of boots {run}
Stlth    ..........             G - +2 amulet of reflection
HPRegen  0.38/turn              r - +2 ring of evasion
MPRegen  0.18/turn              b - ring of see invisible

@: berserking, flying, very quick
A: big wings, negative energy resistance 1, electricity resistance, unbreathing,
petrification resistance, rot immunity, AC +12
a: Stop Flying, Berserk, Trog's Hand, Brothers in Arms, Renounce Religion, Evoke
Berserk Rage


You were on level 15 of the Dungeon.
You worshipped Trog.
Trog was exalted by your worship.
You were very hungry.

You visited 3 branches of the dungeon, and saw 23 of its levels.
You also visited: Bailey and Gauntlet.

You collected 2973 gold pieces.
You spent 2792 gold pieces at shops.

Inventory:

Hand Weapons
 a - a +4 antimagic quarterstaff
 T - a +4 quarterstaff of draining
 X - a +0 lajatang of electrocution (weapon)
Missiles
 d - 6 throwing nets (quivered)
Armour
 c - a +1 helmet
 j - a +2 pair of boots of running (worn)
 B - a +2 crystal plate armour
 E - a +1 pair of boots
 J - a +1 cloak (worn)
 M - the +2 pair of gloves of Beppohy (worn) {Dex+3}
   (You found it in a Gauntlet)

   It affects your dexterity (+3).
 O - a +4 plate armour of fire resistance (worn)
 Y - the +2 hat of the Bear Spirit (worn) {Spirit, +Rage rN+ MR++}
   (You bought it in a shop on level 2 of the Orcish Mines)

   It protects you from negative energy.
   It affects your resistance to hostile enchantments.
   It lets you go berserk.
Jewellery
 b - a ring of see invisible (right hand)
 i - an uncursed amulet of magic regeneration
 r - a +2 ring of evasion (left hand)
 s - an uncursed amulet of harm
 F - an uncursed ring of attention
 G - a +2 amulet of reflection (around neck)
 K - a +3 ring of intelligence
 N - the ring "Xaenasikau" {+Fly rN+ Str+7 SInv}
   (You found it in a Gauntlet)

   [ring of positive energy]

   It affects your strength (+7).
   It protects you from negative energy.
   It lets you see invisible.
   It lets you fly.
Wands
 h - a wand of paralysis (11)
 v - a wand of scattershot (10)
 x - a wand of acid (19)
 A - a wand of enslavement (5)
 C - a wand of disintegration (10)
 L - a wand of digging (7)
 R - a wand of iceblast (30)
 S - a wand of flame (40)
Scrolls
 g - 13 scrolls of identify
 k - 12 scrolls of remove curse
 l - 13 scrolls of teleportation
 u - 5 scrolls of fog
 y - 7 scrolls of blinking
 D - 4 scrolls of magic mapping
 P - a scroll of fear
Potions
 e - 3 potions of mutation
 m - 13 potions of curing
 p - 3 potions of magic
 q - 13 potions of heal wounds
 t - 3 potions of brilliance
 w - 4 potions of might
 z - a potion of ambrosia
 H - 2 potions of invisibility
 I - 6 potions of agility
 Q - 5 potions of haste
 Z - a potion of cancellation
Comestibles
 f - 45 rations
 n - 2 chunks of flesh


   Skills:
 + Level 17.2 Fighting
 - Level 14.2 Staves
 - Level 1.7 Throwing
 + Level 17.0 Armour
 - Level 2.4 Dodging
 - Level 10.0 Evocations


You had 15 spell levels left.
You didn't know any spells.
Your spell library was empty.

Dungeon Overview and Level Annotations

Branches:
Dungeon (15/15) Temple (0/1) D:7 Lair (6/6) D:11 Shoals (0/4) Lair:2 Spider (0/4) Lair:2 Slime (0/5) Lair:6 Orc (2/2) D:9 Elf (0/3) Orc:2 Vaults (0/5) D:13 D:14 Bailey (visited) Gauntlet (visited) Depths: D:15

Altars:
Cheibriados
Dithmenos
Elyvilon
Kikubaaqudgha
Nemelex Xobeh
Okawaru
Qazlal
Trog
Wu Jian
Xom
Yredelemnul
Zin
The Shining One
Beogh
Jiyva

Shops:
D:13 (*[*   D:15 %[[   Orc:1 (   Orc:2 *!}%(

Annotations:
D:9 1 runed translucent door
D:12 1 runed translucent door
Lair:4 exclusion: 4 oklob plants


Innate Abilities, Weirdness & Mutations

You are resistant to torment.
Your stone body is resilient. (AC +12)
You are immune to poison.
Your large and strong wings let you fly indefinitely.
You resist negative energy. (rN+)
You are resistant to electric shocks. (rElec)
You can survive without breathing.
You are immune to petrification.
You are immune to rotting.


Message History

You feel yourself moving faster!
You feel mighty!
You are feeling very hungry.
The large slime creature barely misses you.
The slime creature hits you!
* * * LOW HITPOINT WARNING * * *
The slime creature hits you but does no damage.
Your plate armour prevents you from hitting the slime creature.
The large slime creature hits you!!
* * * LOW HITPOINT WARNING * * *
The slime creature hits you but does no damage. x2
You slash the slime creature!
Lightning courses through the slime creature!!
The slime creature is heavily wounded.
You slash the slime creature!
Lightning courses through the slime creature!
The slime creature is almost dead.
The large slime creature hits you!
* * * LOW HITPOINT WARNING * * *
The slime creature hits you!
You die...

..# ##.........# #..###
###..........#
#....###............#
#...................####
#.......####+###........
#.......#......#......∩.
#.......+
.....#.........
#.......# ...#JJ.......
#.......# # #?#@J.......
#.......##.# #..........
...........# #..........
...........# #..........
#.....###..# #.##...####
#.....# ..# #.# ...#
#.....# .# #.# ...#
#.....# ..# ...# #.....#
..#### ...#


You could see a large slime creature and 2 slime creatures.

Vanquished Creatures
  Jorgrun (D:15)
  Rupert (D:14)
  The ghost of Peloso the Fencer, a journeyman MiFi of Okawaru (Lair:5)
  An orc warlord (Orc:1)
  Nessos (Lair:6)
  A minotaur (Gauntlet)
  A fire dragon (Lair:6)
  14 hydras
  A rakshasa (D:15)
  9 two-headed ogres
  2 catoblepae
  3 centaur warriors
  A death knight (D:13)
  8 death yaks
  A tengu warrior (D:15)
  Urug (D:14)
  3 skeletal warriors (D:14)
  6 unseen horrors
  The ghost of Voldus the Carver, a novice OpFi of Dithmenos (D:8)
  A glowing orange brain (Gauntlet)
  A lindwurm (Lair:6)
  4 orc knights
  A wolf spider zombie (D:12)
  18 ugly things
  An oklob plant (Lair:1)
  A wolf spider (D:12)
  3 orc sorcerers
  An orb spider (shapeshifter) (D:15)
  2 manticores (D:12)
  5 cyclopes
  11 black mambas
  4 elephants
  A guardian serpent (shapeshifter) (D:13)
  A black mamba (shapeshifter) (D:14)
  A molten gargoyle (Lair:6)
  A gargoyle (D:13)
  11 spiny frogs
  10 komodo dragons
  A redback zombie (D:14)
  4 rime drakes
  2 ice devils (Gauntlet)
  2 efreet
  2 freezing wraiths
  A jumping spider (Lair:2)
  3 meliai (D:14)
  A merfolk (D:9)
  A polar bear (Lair:6)
  8 blink frogs
  Grinder (D:4)
  3 slime creatures
  10 hippogriffs
  A centaur simulacrum (D:14)
  2 vampires
  2 redbacks (Lair:2)
  5 wyverns
  3 wraiths
  7 basilisks
  70 yaks
  16 humans
  2 hungry ghosts
  Grum (D:8)
  4 vampire mosquitoes (D:12)
  2 wargs (Orc:1)
  A soldier ant (D:14)
  2 acid dragons (D:15)
  9 water moccasins
  4 hell hounds (Lair:6)
  A floating eye (shapeshifter) (D:13)
  9 porcupines
  4 ice beasts
  45 orc warriors
  4 sky beasts
  2 black bears
  4 phantoms
  A necrophage (D:10)
  11 wolves
  12 ogres
  16 centaurs
  14 crocodiles
  2 big kobolds
  11 bullfrogs
  4 scorpions
  A hornet simulacrum (D:15)
  A wyvern skeleton (D:10)
  8 killer bees
  2 electric eels (Lair:4)
  8 wights
  A howler monkey (D:5)
  5 lava snakes (Lair:6)
  A bullfrog zombie (D:11)
  7 crimson imps
  6 jellies
  6 hounds
  2 bullfrog skeletons
  A gnoll shaman (D:7)
  26 orc priests
  5 centaur skeletons
  2 iguanas
  21 orc wizards
  5 worker ants
  A killer bee zombie (D:8)
  A spectral worker ant (D:8)
  2 hound skeletons
  2 worker ant zombies
  6 gnolls
  18 adders
  7 shadow imps
  An ooze (D:5)
  2 adder skeletons (D:5)
  2 worms
  8 dart slugs
  5 leopard geckos
  79 orcs
  10 giant cockroaches
  6 goblins
  6 hobgoblins
  10 jackals
  13 kobolds
  5 quokkas
  2 ball pythons
  6 bats
  5 frilled lizards
  A leopard gecko skeleton (D:7)
  10 rats
  2 plants (Lair:1)
763 creatures vanquished.

Vanquished Creatures (collateral kills)
  A blizzard demon (Gauntlet)
  A molten gargoyle (Lair:6)
  An ice devil (Gauntlet)
  A troll (Orc:1)
  An orc warrior (Orc:2)
  2 orc wizards (Orc:1)
  An orc priest (Orc:1)
  3 orcs (Orc:1)
11 creatures vanquished.

Vanquished Creatures (others)
  An iguana (D:4)
  2 adders (D:4)
  A worm (D:4)
  A leopard gecko (D:4)
  3 orcs
  A giant cockroach (D:4)
  A frilled lizard (D:4)
  4 fungi
  2 plants
16 creatures vanquished.

Grand Total: 790 creatures vanquished

Notes
Turn   | Place    | Note
-------+----------+-------------------------------------------
     0 | D:1      | Curus the Gargoyle Gladiator began the quest for the Orb.
     0 | D:1      | Reached XP level 1. HP: 12/12 MP: 1/1
    98 | D:1      | Reached XP level 2. HP: 17/17 MP: 2/2
   426 | D:1      | Reached XP level 3. HP: 21/21 MP: 3/3
  1165 | D:2      | Reached XP level 4. HP: 26/26 MP: 4/4
  1173 | D:2      | Found a faded altar of an unknown god.
  1370 | D:2      | Reached skill level 5 in Staves
  1868 | D:3      | Noticed a hungry ghost
  1869 | D:3      | Noticed a centaur
  1889 | D:3      | Killed a hungry ghost
  1889 | D:3      | Reached XP level 5. HP: 6/30 MP: 5/5
  1891 | D:3      | Killed a centaur
  1891 | D:3      | Reached XP level 6. HP: 7/35 MP: 6/6
  2252 | D:3      | Found a bloodstained altar of Trog.
  2257 | D:3      | Became a worshipper of Trog the Wrathful
  2895 | D:4      | Found a shimmering altar of Xom.
  2910 | D:4      | Noticed a phantom
  2944 | D:4      | Killed a phantom
  2944 | D:4      | Reached XP level 7. HP: 34/40 MP: 7/7
  3135 | D:4      | Found a white marble altar of Elyvilon.
  3141 | D:4      | Noticed Grinder
  3153 | D:4      | Killed Grinder
  3695 | D:4      | Reached * piety under Trog
  3948 | D:5      | Entered Level 5 of the Dungeon
  4128 | D:5      | Reached XP level 8. HP: 44/44 MP: 8/8
  4148 | D:5      | Found a shadowy altar of Dithmenos.
  4376 | D:5      | Identified a scroll of acquirement
  4538 | D:5      | Found an ornate altar of the Wu Jian Council.
  4736 | D:6      | Reached skill level 10 in Staves
  4812 | D:6      | Found a basalt altar of Yredelemnul.
  4823 | D:6      | Noticed a profane servitor
  4836 | D:6      | Reached ** piety under Trog
  4840 | D:6      | Found a glowing golden altar of the Shining One.
  5129 | D:6      | Found a glowing silver altar of Zin.
  5152 | D:6      | Found a snail-covered altar of Cheibriados.
  5241 | D:6      | Found an iron altar of Okawaru.
  5290 | D:6      | Noticed an angel
  5461 | D:7      | Found a staircase to the Ecumenical Temple.
  5498 | D:7      | Reached XP level 9. HP: 48/48 MP: 9/9
  5827 | D:7      | Found a sparkling altar of Nemelex Xobeh.
  6089 | D:8      | Found a transporter.
  6091 | D:8      | Found a transporter.
  6091 | D:8      | Noticed Voldus's ghost (novice OpFi)
  6109 | D:8      | Reached *** piety under Trog
  6130 | D:8      | Noticed Grum
  6148 | D:8      | Killed Grum
  6855 | D:8      | Identified the +6 broad axe of the Endless Expanse {speed,
                  | rElec}
  6857 | D:8      | Noticed a purple ugly thing
  6908 | D:8      | Killed a purple ugly thing
  6908 | D:8      | Reached XP level 10. HP: 31/53 MP: 10/10
  7419 | D:8      | Killed Voldus's ghost
  7512 | D:9      | Reached skill level 1 in Armour
  7541 | D:9      | Found a flagged portal.
  7562 | Bailey   | Entered a bailey
  7637 | Bailey   | Found a bloodstained altar of Trog.
  7649 | Bailey   | Identified the Papyrus of the Mountains and Talismans
  7680 | D:9      | Found a shimmering altar of Xom.
  7757 | D:9      | Reached **** piety under Trog
  7862 | D:9      | Noticed a two-headed ogre
  7870 | D:9      | Killed a two-headed ogre
  7870 | D:9      | Reached skill level 5 in Fighting
  7907 | D:9      | Found a staircase to the Orcish Mines.
  7915 | D:9      | Found a roughly hewn altar of Beogh.
  8038 | D:9      | Reached skill level 5 in Armour
  8124 | D:9      | Found a stormy altar of Qazlal.
  8125 | D:9      | Found an ancient bone altar of Kikubaaqudgha.
  8313 | D:9      | Reached XP level 11. HP: 64/64 MP: 11/11
  8419 | D:9      | Found a glowing golden altar of the Shining One.
  8419 | D:9      | Noticed an angel
  8420 | D:9      | Found a runed translucent door.
  8830 | D:10     | Entered Level 10 of the Dungeon
  8830 | D:10     | Noticed a two-headed ogre
  8841 | D:10     | Killed a two-headed ogre
  9198 | D:10     | Identified Jajugis's Handbook of Self-Knowledge and
                  | Sinister Arts
  9221 | D:10     | Reached ***** piety under Trog
  9497 | D:10     | Killed an unseen horror
  9533 | D:10     | Killed an unseen horror
  9871 | D:11     | Found a staircase to the Lair.
  9930 | D:11     | Killed an unseen horror
 10187 | Lair:1   | Entered Level 1 of the Lair of Beasts
 10239 | Lair:1   | Noticed a five-headed hydra
 10253 | Lair:1   | Killed a five-headed hydra
 10253 | Lair:1   | Reached XP level 12. HP: 56/76 MP: 11/13
 10500 | Lair:1   | Noticed a seven-headed hydra
 10516 | Lair:1   | Killed a seven-headed hydra
 10560 | Lair:1   | Reached skill level 5 in Evocations
 11806 | Lair:2   | Found a staircase to the Shoals.
 12070 | Lair:2   | Found a hole to the Spider Nest.
 12451 | Lair:2   | Noticed a six-headed hydra
 12463 | Lair:2   | Killed a six-headed hydra
 12936 | Lair:3   | Reached XP level 13. HP: 67/80 MP: 20/20
 13182 | Lair:3   | Reached skill level 10 in Evocations
 13223 | Lair:3   | Found a gate leading to a gauntlet.
 13232 | Gauntlet | Entered a Gauntlet
 13232 | Gauntlet | Found a transporter.
 13235 | Gauntlet | Found a transporter.
 13251 | Gauntlet | Found a transporter.
 13255 | Gauntlet | Found a transporter.
 13273 | Gauntlet | Found a transporter.
 13286 | Gauntlet | Found a transporter.
 13289 | Gauntlet | Found a transporter.
 13293 | Gauntlet | Found a transporter.
 13294 | Gauntlet | Noticed a blizzard demon
 13313 | Gauntlet | Found a transporter.
 13338 | Gauntlet | Found a transporter.
 13340 | Gauntlet | Found a transporter.
 13344 | Gauntlet | Found a runed translucent door.
 13344 | Gauntlet | Found a runed translucent door.
 13348 | Gauntlet | Found a transporter.
 13416 | Gauntlet | Got a pair of fine gloves
 13416 | Gauntlet | Killed a blizzard demon
 13460 | Gauntlet | Identified the +2 pair of gloves of Beppohy {Dex+3} (You
                  | found it in a Gauntlet)
 13594 | Gauntlet | Got a transparent bone ring
 13596 | Gauntlet | Identified the ring "Xaenasikau" {+Fly rN+ Str+7 SInv} (You
                  | found it in a Gauntlet)
 13625 | Gauntlet | Noticed a minotaur
 13642 | Gauntlet | Killed a minotaur
 13642 | Gauntlet | Reached skill level 10 in Fighting
 13646 | Gauntlet | Found the +5 robe of Night {Dark MR+ SInv}
 13955 | Lair:4   | Reached skill level 10 in Armour
 15254 | Lair:5   | Found a runed translucent door.
 15254 | Lair:5   | Noticed Peloso's ghost (journeyman MiFi)
 15368 | Lair:5   | Received a gift from Trog
 15832 | Lair:5   | Killed Peloso's ghost
 15883 | Lair:6   | Entered Level 6 of the Lair of Beasts
 15883 | Lair:6   | Found a viscous altar of Jiyva.
 15883 | Lair:6   | Found a staircase to the Slime Pits.
 15904 | Lair:5   | Gained mutation: Your large and strong wings let you fly
                  | indefinitely. [Gargoyle growth]
 15904 | Lair:5   | Reached XP level 14. HP: 37/92 MP: 21/21
 16740 | Lair:6   | Noticed Nessos
 16814 | Lair:6   | Killed Nessos
 17213 | Lair:6   | Received a gift from Trog
 17535 | Lair:6   | Found a large runed translucent door.
 17737 | Lair:6   | Found a large runed translucent door.
 18921 | Orc:1    | Entered Level 1 of the Orcish Mines
 19385 | Orc:1    | Reached XP level 15. HP: 93/101 MP: 22/22
 19582 | Orc:2    | Entered Level 2 of the Orcish Mines
 19596 | Orc:2    | Noticed an orc warlord
 19951 | Orc:1    | Found Adie's Weapon Shoppe.
 20114 | Orc:2    | Paralysed by an orc sorcerer for 3 turns
 20131 | Orc:1    | Killed an orc warlord
 20215 | Orc:2    | Paralysed by an orc sorcerer for 3 turns
 20342 | Orc:2    | Found Viet's Antique Weapon Emporium.
 20507 | Orc:2    | Found a staircase to the Elven Halls.
 20540 | Orc:2    | Received a gift from Trog
 20555 | Orc:2    | Found a roughly hewn altar of Beogh.
 20559 | Orc:2    | Found Poqaesof's Gadget Boutique.
 20559 | Orc:2    | Found Ittel's Distillery.
 20559 | Orc:2    | Found Ugury's General Store.
 21085 | Orc:2    | Reached skill level 15 in Fighting
 21091 | Orc:2    | Found Degh's Food Shop.
 21097 | Orc:2    | Bought a scroll of blinking for 112 gold pieces
 21097 | Orc:2    | Bought the +2 hat of the Bear Spirit {Spirit, +Rage rN+
                  | MR++} for 586 gold pieces
 21097 | Orc:2    | Found the +2 hat of the Bear Spirit {Spirit, +Rage rN+
                  | MR++}
 21115 | Orc:2    | Bought a potion of curing for 51 gold pieces
 21115 | Orc:2    | Bought a potion of cancellation for 136 gold pieces
 21115 | Orc:2    | Bought a potion of might for 68 gold pieces
 21115 | Orc:2    | Bought a potion of curing for 51 gold pieces
 21115 | Orc:2    | Bought a potion of curing for 51 gold pieces
 21115 | Orc:2    | Bought a potion of agility for 68 gold pieces
 21115 | Orc:2    | Bought 2 potions of haste for 340 gold pieces
 21115 | Orc:2    | Bought a potion of haste for 170 gold pieces
 21115 | Orc:2    | Bought a potion of curing for 51 gold pieces
 21850 | D:12     | Reached skill level 15 in Armour
 21971 | D:12     | Found a runed translucent door.
 22122 | D:12     | Received a gift from Trog
 22721 | D:13     | Found Itruqira's Armour Boutique.
 22741 | D:13     | Found Oprasier's General Store.
 22756 | D:13     | Bought 2 scrolls of enchant armour for 255 gold pieces
 22756 | D:13     | Bought a potion of curing for 51 gold pieces
 22756 | D:13     | Bought a +1 pair of boots of running for 620 gold pieces
 22836 | D:13     | Found Qeshraim's General Store.
 22839 | D:13     | Bought a potion of haste for 140 gold pieces
 22839 | D:13     | Bought a scroll of teleportation for 42 gold pieces
 23103 | D:13     | Found Ishi's Weapon Emporium.
 23239 | D:14     | Found a gate to the Vaults.
 23239 | D:14     | Noticed Rupert
 23239 | D:14     | Noticed Urug
 23271 | D:14     | Killed Rupert
 23410 | D:14     | Reached XP level 16. HP: 80/110 MP: 23/23
 23425 | D:14     | Killed Urug
 23949 | D:14     | Reached ****** piety under Trog
 24059 | D:15     | Entered Level 15 of the Dungeon
 24100 | D:15     | Noticed Jorgrun
 24142 | D:15     | Killed Jorgrun
 24293 | D:15     | Found Metoumni's Armour Shoppe.
 24293 | D:15     | Found Pyg Falo's Food Boutique.
 24667 | D:15     | Found Opitahuhuez's Armour Boutique.
 24701 | D:15     | Slain by a slime creature

Levels and vault maps discovered:
D:1:      minmay_arrival_radiant_lines, layout_basic
D:2:      layout_basic, first_ration, chequers_ecumenical_altar_twisty
D:3:      layout_basic, lightli_temple_of_fire
D:4:      layout_basic, elyvilon_altar_1, xom_confusion_cloud, uniq_grinder
D:5:      minmay_chambers_of_threes, layout_cave_pools, marbit_many_paths,
          nicolae_dithmenos_through_a_glass_darkly
D:6:      layout_rooms, grunt_temple_overflow_holy_war,
          nicolae_overflow_crystal_walls, cheibriados_altar_1,
          lemuel_coloured_pillars_altar, minmay_misc_feat_five, dk_vineyard_1
D:7:      layout_loops_ring, nicolae_overflow_hidden_temple,
          minmay_temple_entry_butterflies
D:8:      minmay_chambers_of_sixes, layout_basic, gammafunk_ghost_mausoleum,
          uniq_grum
D:9:      layout_long_grid, gammafunk_temple_overflow_statue,
          minmay_orc_entry_temple_small, enter_bailey_6, basic_altar,
          hangedman_fish_farm, chequers_serial_rivers_micro_e,
          lemuel_angel_altar
D:10:     minmay_clustersquares, layout_rooms
D:11:     layout_long_grid, david_lair_generic
D:12:     minmay_the_grid_four_pointed_star
          [minmay_the_grid_triangle_9x9_subtriangle,
          minmay_the_grid_triangle_9x9_steps,
          minmay_the_grid_triangle_9x9_flanged_cone,
          minmay_the_grid_triangle_9x9_cache, minmay_the_grid_prize_big_room],
          layout_stronghold
D:13:     layout_cave_pools, serial_shops, shop, nicolae_shop_trees,
          nicolae_shop_temple_entry_statues_fountains, nicolae_shop_behind_doors
D:14:     layout_loops_ring, david_vaults_3, roderic_cross_of_infinity,
          chequers_serial_rivers_room_a
D:15:     gammafunk_enter_depths_forms, layout_irregular_city,
          lemuel_statue_altar, serial_shops, shop_statue, shop, shop,
          shop_statue, nrook_uturn, st_stairs_3, uniq_jorgrun
Lair:1:   layout_hall_layers, minmay_lair_oklob_items, minivault_24,
          hibernation_bobbens, infiniplex_staircase_pool, lemuel_fruit_tree
Lair:2:   layout_regular_city, shoals_dummy_entry, spider_nest_entry_a
Lair:3:   layout_loops_ring, gauntlet_entry_generic
Lair:4:   layout_gridlike, minmay_lair_oklob_chamber
Lair:5:   layout_small_grid, lightli_volcano_entry_magma_tube,
          hellmonk_ghost_happy_afterlife, cheibrodos_lair_caveside_slide,
          chequers_serial_rivers_large_a
Lair:6:   cheibrodos_lair_end_hotspot, layout_misc_corridors, slime_altar_1,
          uniq_nessos
Orc:1:    layout_diamond_mine, serial_shops, nicolae_shop_stone
Orc:2:    st_orc_rangers, layout_diamond_mine, basic_altar, serial_shops,
          nicolae_shop_competitors_out_of_business

Skill      XL: |  1  2  3  4  5  6  7  8  9 10 11 12 13 14 15 16 |
---------------+-------------------------------------------------+-----
Staves         | 4 6 7 9 11 13 14 | 14.2
Armour         | 5 9 11 14 16 17 | 17.0
Fighting       | 6 9 12 14 16 17 | 17.2
Evocations     | 2 9 10 | 10.0
Throwing       | |  1.7
Dodging        | |  2.4

Action                   |  1- 3 |  4- 6 |  7- 9 | 10-12 | 13-15 | 16-18 || total
-------------------------+-------+-------+-------+-------+-------+-------++-------
Melee: Quarterstaff      |    79 |   146 |   552 |  1086 |  1240 |    23 ||  3126
       Lajatang          |       |       |       |       |   465 |   273 ||   738
Throw: Throwing net      |       |       |       |       |     1 |       ||     1
Invok: Berserk           |       |       |     3 |     7 |    10 |     3 ||    23
       Trog's Hand       |       |       |       |       |     5 |       ||     5
       Brothers in Arms  |       |       |       |       |     4 |       ||     4
 Abil: Fly               |       |       |       |       |     1 |       ||     1
Evoke: Wand              |       |       |       |       |     3 |     1 ||     4
  Use: Scroll            |     3 |     6 |     4 |     9 |    10 |     2 ||    34
       Potion            |     2 |     4 |     4 |       |     4 |       ||    14
  Eat: Chunk             |     1 |     7 |    13 |    18 |    27 |     6 ||    72
       Ration            |       |     1 |     1 |     2 |     6 |       ||    10
Armor: Leather armour    |    22 |       |       |       |       |       ||    22
       Ring mail         |     6 |    69 |    26 |       |       |       ||   101
       Scale mail        |       |       |    34 |       |       |       ||    34
       Skin              |       |       |     2 |       |       |       ||     2
       Plate armour      |       |       |   247 |   286 |   701 |   170 ||  1404
       Crystal plate arm |       |       |       |   603 |   663 |       ||  1266
Dodge: Dodged            |    46 |    88 |   211 |   300 |   868 |    92 ||  1605
Block: Other             |       |       |       |     8 |   109 |    11 ||   128
       Reflection        |       |       |       |       |    14 |       ||    14
